 Dungeon Crawl Stone Soup version 0.30-a0-859-gf88a04b62d (webtiles) character file.

Game seed: 3709025913631044993

68 PLAYERX the Cruncher (level 4, 0/32 HPs)
             Began as a Gnoll Wanderer on Mar 1, 2023.
             Was a Believer of Cheibriados.
             Slain by an orc
             ... wielding a +0 club
              (3 damage)
             ... on level 3 of the Dungeon on Mar 6, 2023.
             The game lasted 00:13:22 (2620 turns).

PLAYERX the Cruncher (Gnoll Wanderer)               Turns: 2620, Time: 00:13:22

Health: 0/32       AC:  8    Str: 16    XL:     4   Next: 19%
Magic:  13/13      EV: 11    Int: 17    God:    Cheibriados [**....]
Gold:   73         SH:  0    Dex: 15    Spells: 17/17 levels left

rFire   . . .      SeeInvis .    a - +0 short sword (vamp)
rCold   + . .      Faith    .    (no shield)
rNeg    . . .      Spirit   .    b - +2 ring mail {rC+}
rPois   .          Reflect  .    (no helmet)
rElec   .          Rampage  .    (no cloak)
rCorr   .                        (no gloves)
Will    .....                    (no boots)
Stlth   +                        (no amulet)
HPRegen 0.25/turn                (no ring)
MPRegen 0.13/turn                (no ring)

@: very slow
A: fangs 1, strong nose, distributed training
a: Renounce Religion, Bend Time


You were on level 3 of the Dungeon.
You worshipped Cheibriados.
Cheibriados was pleased with you.
You visited 1 branch of the dungeon, and saw 3 of its levels.

You collected 73 gold pieces.

Inventory:

Hand Weapons
 a - a +0 vampiric short sword (weapon)
Armour
 b - a +2 ring mail of cold resistance (worn)
Scrolls
 c - 2 scrolls of blinking
 e - 5 scrolls of identify {unknown}
 f - 3 scrolls of vulnerability {unknown}
 g - a scroll of teleportation {unknown}
 h - a scroll of poison {unknown}
 i - a scroll of magic mapping {unknown}
 j - a scroll of noise {unknown}
 l - a scroll of enchant armour {unknown}
 m - a scroll of enchant weapon {unknown}
Potions
 d - 2 potions of curing
 k - a potion of brilliance {unknown}
 n - a potion of might {unknown}


   Skills:
 + Level 1.1 Fighting
 + Level 1.1 Short Blades
 + Level 1.1 Long Blades
 + Level 1.1 Axes
 + Level 1.1 Maces & Flails
 + Level 1.1 Polearms
 + Level 8.5 Staves
 + Level 1.1 Ranged Weapons
 + Level 1.1 Throwing
 + Level 4.6 Armour
 + Level 1.1 Dodging
 + Level 1.1 Stealth
 + Level 1.1 Shields
 + Level 1.1 Unarmed Combat
 + Level 7.2 Spellcasting
 + Level 0.8 Conjurations
 + Level 0.8 Hexes
 + Level 0.8 Summonings
 + Level 0.8 Necromancy
 + Level 0.8 Translocations
 + Level 0.8 Transmutations
 + Level 0.8 Fire Magic
 + Level 0.8 Ice Magic
 + Level 0.8 Air Magic
 + Level 0.8 Earth Magic
 + Level 0.8 Poison Magic
 + Level 1.2 Invocations
 + Level 1.1 Evocations


You had 17 spell levels left.
You didn't know any spells.
Your spell library contained the following spells:

 Spells                   Type           Power      Damage    Failure   Level
 Beastly Appendage        Tmut           18%        N/A       14%         1
 Foxfire                  Conj/Fire      36%        2x1d5     14%         1
 Necrotise                Necr           36%        1d5       14%         1
 Ensorcelled Hibernation  Hex/Ice        18%        N/A       22%         2
 Lesser Beckoning         Tloc           18%        N/A       22%         2
 Gell's Gravitas          Tloc           9%         N/A       38%         3
 Teleport Other           Tloc           9%         N/A       38%         3


Dungeon Overview and Level Annotations

Branches:
Dungeon (3/15)

Altars:
Cheibriados
Ru

Shops:
D:1 [


Innate Abilities, Weirdness & Mutations

You have very sharp teeth.
Your uncanny sense of smell can sniff out nearby items.
Your experience applies equally to all skills.


Message History

The orc priest completely misses you.
The orc wizard hits you but does no damage.
The orc closely misses you.
You hit the orc priest.
You feel better.
The orc priest is moderately wounded.
The giant cockroach bites you but does no damage.
The orc closely misses you.
The orc priest mumbles some strange prayers to Beogh against you.
Pain shoots through your body!
The orc wizard gestures at you while chanting.
The magic dart hits you. The orc hits you but does no damage.
The giant cockroach bites you but does no damage.
You are too injured to fight recklessly!
You are too injured to fight recklessly!
You are too injured to fight recklessly!
You barely miss the orc. The orc hits you but does no damage.
The orc priest hits you with a +0 falchion!
* * * LOW HITPOINT WARNING * * *
The orc wizard hits you but does no damage.
The orc closely misses you. The giant cockroach closely misses you.
You hit the orc wizard.
The orc wizard is moderately wounded.
The orc hits you but does no damage.
The orc priest hits you but does no damage.
The orc wizard hits you but does no damage.
The orc hits you but does no damage. The giant cockroach misses you.
You hit the orc priest.
You feel better.
The orc priest is heavily wounded.
The orc hits you but does no damage.
The orc priest hits you but does no damage.
The orc wizard gestures wildly while chanting.
The orc wizard flickers and vanishes!
Deactivating autopickup; reactivate with Ctrl-A.
The orc hits you with a +0 hand axe.
* * * LOW HITPOINT WARNING * * *
The giant cockroach bites you but does no damage.
You hit the orc priest but do no damage.
The orc priest is heavily wounded.
The orc hits you with a +0 club.
You die...

## . #. #.###
#.oo# ###.o@###
.##...B{..#######
....#####.......#
###...#...#####.#
#.#.#######
######..........
........########
######.........
######..#######


You could see an orc priest, 2 orcs and a giant cockroach.

Vanquished Creatures
  2 adders
  A dart slug (D:1)
  2 orcs (D:3)
  3 ball pythons
  6 endoplasms
  A giant cockroach (D:2)
  2 goblins (D:2)
  5 hobgoblins
  3 quokkas (D:1)
  4 bats
  2 frilled lizards (D:1)
  7 kobolds
  5 rats
43 creatures vanquished.

Vanquished Creatures (others)
  2 plants (D:1)
  5 withered plants (D:1)
7 creatures vanquished.

Grand Total: 50 creatures vanquished

Notes
Turn   | Place    | Note
-------+----------+-------------------------------------------
     0 | D:1      | PLAYERX the Gnoll Wanderer began the quest for the Orb.
     0 | D:1      | PLAYERX set off with the following items: a +0
                  | quarterstaff, a +0 scale mail, a scroll of blinking; and
                  | the following spells available to memorise: Beastly
                  | Appendage, Foxfire, Necrotise, Ensorcelled Hibernation.
     0 | D:1      | Reached XP level 1. HP: 13/13 MP: 8/8
   342 | D:1      | You fall into a shaft and drop 1 floor!
   463 | D:1      | Found a faded altar of an unknown god.
   517 | D:1      | Reached XP level 2. HP: 19/19 MP: 10/10
   638 | D:1      | Found Giro's Armour Boutique.
  1188 | D:1      | Prayed at the altar of an unknown god.
  1188 | D:1      | Became a worshipper of Cheibriados the Contemplative
  1188 | D:1      | Reached * piety under Cheibriados
  1230 | D:2      | Reached XP level 3. HP: 25/25 MP: 11/11
  1664 | D:2      | Reached skill level 1 in Invocations
  1751 | D:2      | Upgraded the game from 0.30-a0-840-ga523dec638 to
                  | 0.30-a0-859-gf88a04b62d
  2146 | D:2      | Reached skill level 1 in Fighting
  2146 | D:2      | Reached skill level 1 in Short Blades
  2146 | D:2      | Reached skill level 1 in Long Blades
  2146 | D:2      | Reached skill level 1 in Axes
  2146 | D:2      | Reached skill level 1 in Maces & Flails
  2146 | D:2      | Reached skill level 1 in Polearms
  2146 | D:2      | Reached skill level 1 in Ranged Weapons
  2146 | D:2      | Reached skill level 1 in Throwing
  2146 | D:2      | Reached skill level 1 in Dodging
  2146 | D:2      | Reached skill level 1 in Stealth
  2146 | D:2      | Reached skill level 1 in Shields
  2146 | D:2      | Reached skill level 1 in Unarmed Combat
  2146 | D:2      | Reached skill level 1 in Evocations
  2372 | D:3      | Found a sacrificial altar of Ru.
  2486 | D:3      | Reached ** piety under Cheibriados
  2501 | D:3      | Reached XP level 4. HP: 18/32 MP: 13/13
  2556 | D:3      | Identified the +0 morningstar "Ankeez" {drain, Str+2}
  2620 | D:3      | Slain by an orc

Illustrated notes

Levels and vault maps discovered:
D:1:      spicycebolla_arrival_transporter_tutorial, layout_basic,
          shapermc_ecumenical_altar_flowoftime, serial_shops,
          nicolae_shop_stone, minmay_crystal_room
D:2:      layout_basic
D:3:      layout_loops_ring, grunt_temple_overflow_champion_of_chaos,
          nicolae_ru_awakened_eye

Skill      XL: |  1  2  3 |
---------------+----------+-----
Invocations    | 1 |  1.2
Fighting       | 1 |  1.1
Short Blades   | 1 |  1.1
Long Blades    | 1 |  1.1
Axes           | 1 |  1.1
Maces & Flails | 1 |  1.1
Polearms       | 1 |  1.1
Ranged Weapons | 1 |  1.1
Throwing       | 1 |  1.1
Dodging        | 1 |  1.1
Stealth        | 1 |  1.1
Shields        | 1 |  1.1
Unarmed Combat | 1 |  1.1
Evocations     | 1 |  1.1
Staves         | |  8.5
Armour         | |  4.6
Spellcasting   | |  7.2
Conjurations   | |  0.8
Hexes          | |  0.8
Summonings     | |  0.8
Necromancy     | |  0.8
Translocations | |  0.8
Transmutations | |  0.8
Fire Magic     | |  0.8
Ice Magic      | |  0.8
Air Magic      | |  0.8
Earth Magic    | |  0.8
Poison Magic   | |  0.8

Action                     |  1- 3 |  4- 6 || total
---------------------------+-------+-------++-------
  Melee: Quarterstaff      |    86 |       ||    86
         Bite              |    18 |     1 ||    19
         Short sword       |   136 |    23 ||   159
 Armour: Scale mail        |    91 |       ||    91
         Ring mail         |    13 |    21 ||    34
  Dodge: Dodged            |   100 |    31 ||   131

Table legend: (Time is in decaauts)
 A = Elapsed time spent in this place.
 B = Non-inter-level travel time spent in this place.
 C = Inter-level travel time spent in this place.
 D = Time resting spent in this place.
 E = Time spent auto-exploring this place.
 F = Levels seen in this place.
 G = Mean time per level.
                   A        B        C        D        E       F      G
               +--------+--------+--------+--------+--------+-----+--------+
         Total |   3003 |   3003 |      0 |    215 |   1721 |   3 | 1001.0 |
       Dungeon |   3003 |   3003 |      0 |    215 |   1721 |   3 | 1001.0 |
               +--------+--------+--------+--------+--------+-----+--------+

Top non-repeatable levels by time:
     D:2: 1466 daAuts
     D:1: 1191 daAuts
     D:3: 345 daAuts
